 Dungeon Crawl Stone Soup version 0.27.0-1-g7a089689b8 (webtiles) character file.

Game seed: 11848635213630806987

833 Crownlay the Protected (level 7, 0/57 HPs)
             Began as a Minotaur Berserker on Aug 12, 2021.
             Was a Believer of Trog.
             Slain by a wyvern skeleton (4 damage)
             ... on level 5 of the Dungeon.
             The game lasted 00:11:21 (4828 turns).

Crownlay the Protected (Minotaur Berserker)         Turns: 4828, Time: 00:11:21

Health: 0/57       AC:  5    Str: 23    XL:     7   Next: 65%
Magic:  6/6        EV: 12    Int:  4    God:    Trog [**....]
Gold:   245        SH:  0    Dex: 10    Spells: 6/6 levels left

rFire    . . .     SeeInvis .   a - +0 falchion
rCold    + . .     Faith    .   (no shield)
rNeg     . . .     Spirit   .   v - +1 robe "Sotedeh" {Fly rC+ Stlth+}
rPois    .         Reflect  .   (helmet restricted)
rElec    .         Harm     .   (no cloak)
rCorr    .         Rampage  .   (no gloves)
Will     ++...                  n - +0 pair of boots
Stlth    ++........             (no amulet)
HPRegen  1.19/turn              (no ring)
MPRegen  0.10/turn              (no ring)

@: strong-willed, on berserk cooldown, flying, regenerating, slowed, very slow
A: horns 2, retaliatory headbutt
a: Renounce Religion, Berserk, Trog's Hand


You were on level 5 of the Dungeon.
You worshipped Trog.
Trog was pleased with you.
You visited 1 branch of the dungeon, and saw 5 of its levels.

You collected 245 gold pieces.

Inventory:

Hand Weapons
 a - a +0 falchion (weapon)
Missiles
 f - a throwing net (quivered)
Armour
 n - a +0 pair of boots (worn)
 v - the +1 robe "Sotedeh" (worn) {Fly rC+ Stlth+}
   (You found it on level 4 of the Dungeon)

   rC:        It protects you from cold.
   Fly:       It grants you flight.
   Stlth:     It makes you more stealthy.
Jewellery
 l - a ring of protection from fire
 u - a ring of resist corrosion
Wands
 o - a wand of paralysis (5)
 p - a wand of acid (10)
Scrolls
 d - 2 scrolls of teleportation {unknown}
 h - a scroll of immolation {unknown}
 j - 3 scrolls of magic mapping {unknown}
 m - a scroll of identify {unknown}
 r - a scroll of amnesia {unknown}
Potions
 c - a potion of berserk rage {unknown}
 e - 4 potions of curing {unknown}
 g - 2 potions of mutation {unknown}
 i - a potion of attraction {unknown}
 k - a potion of haste {unknown}
 q - a potion of flight {unknown}
 s - 2 potions of might {unknown}
 t - a potion of heal wounds {unknown}


   Skills:
 - Level 3.6 Fighting
 - Level 6.0 Long Blades
 + Level 9.5 Armour
 - Level 2.1 Dodging


You had 6 spell levels left.
You didn't know any spells.
Your spell library was empty.

Dungeon Overview and Level Annotations

Branches:
Dungeon (5/15)
 Temple: D:4-7

Altars:
Kikubaaqudgha
Nemelex Xobeh
Qazlal
Trog
Uskayaw

Shops:
D:2 (


Innate Abilities, Weirdness & Mutations

You have a pair of horns on your head.
You reflexively headbutt those who attack you in melee.


Message History

You feel the effects of Trog's Hand fading.
Things that are here:
a +0 flail; a gnoll corpse Your skin stops crawling.
You feel less strong-willed.
Things that are here:
a +0 whip; a +0 robe
Things that are here:
a +0 club; a +0 spear; a gnoll corpse
Found a book of Storms.
A wyvern skeleton comes into view.
The wyvern skeleton bites you! The wyvern skeleton bites you.
You hit the wyvern skeleton.
The wyvern skeleton is lightly damaged.
The wyvern skeleton barely misses you. The wyvern skeleton bites you!
You hit the wyvern skeleton.
Your headbutt misses the wyvern skeleton.
The wyvern skeleton is lightly damaged.
The wyvern skeleton bites you! The wyvern skeleton barely misses you.
You furiously retaliate!
You headbutt the wyvern skeleton!
You are too injured to fight recklessly!
You are too injured to fight recklessly!
You are too injured to fight recklessly!
You are too injured to fight recklessly!
You're still recovering from your berserk rage.
You hit the wyvern skeleton.
The wyvern skeleton is heavily damaged.
The wyvern skeleton closely misses you.
You're still recovering from your berserk rage.
Your skin crawls.
You feel strong-willed. The wyvern skeleton closely misses you.
The wyvern skeleton bites you!
* * * LOW HITPOINT WARNING * * *
You hit the wyvern skeleton.
The wyvern skeleton is severely damaged.
The wyvern skeleton closely misses you. The wyvern skeleton bites you!
* * * LOW HITPOINT WARNING * * *
You hit the wyvern skeleton.
The wyvern skeleton is almost destroyed.
The wyvern skeleton bites you.
You die...

# #.#.#.#### #
#.###..# # #.
#.#.# # #
#.##.# ##
#.#..#####.# ≈#
# # #...:....#
≈#.##
#.####..##
≈.... #.# #
≈#.# #@# ≈....
#....Z......#
≈####
..............#
≈#
.............##
≈#
.###########.#
## # # # #


You could see a wyvern skeleton.

Vanquished Creatures
  An orc warrior (D:4)
  An ogre (D:4)
  A howler monkey (D:4)
  3 hounds
  A gnoll shaman (D:5)
  2 jellies (D:5)
  3 orc priests (D:4)
  2 iguanas
  4 orc wizards (D:4)
  2 adders
  9 gnolls
  2 adder skeletons (D:4)
  2 dart slugs (D:1)
  6 orcs
  10 ball pythons
  7 endoplasms
  4 giant cockroaches
  6 goblins
  6 hobgoblins
  4 kobolds
  7 quokkas
  10 bats
  5 frilled lizards
  3 rats
101 creatures vanquished.

Vanquished Creatures (others)
  2 plants (D:1)
2 creatures vanquished.

Grand Total: 103 creatures vanquished

Notes
Turn   | Place    | Note
-------+----------+-------------------------------------------
     0 | D:1      | Crownlay the Minotaur Berserker began the quest for the
                  | Orb.
     0 | D:1      | Reached XP level 1. HP: 19/19 MP: 0/0
   314 | D:1      | Reached XP level 2. HP: 21/26 MP: 1/1
   904 | D:1      | Reached skill level 5 in Long Blades
  1006 | D:1      | Reached XP level 3. HP: 31/31 MP: 2/2
  1281 | D:1      | Reached ** piety under Trog
  2062 | D:2      | Found a faded altar of an unknown god.
  2117 | D:2      | Found an ancient bone altar of Kikubaaqudgha.
  2208 | D:2      | Found Poritt's Antique Weapon Emporium.
  2519 | D:3      | Reached XP level 4. HP: 34/39 MP: 3/3
  2586 | D:3      | Found a bloodstained altar of Trog.
  2670 | D:3      | Found a stormy altar of Qazlal.
  2757 | D:3      | Found a sparkling altar of Nemelex Xobeh.
  2891 | D:4      | Noticed an orc warrior
  2896 | D:4      | Reached skill level 3 in Armour
  3149 | D:4      | Reached skill level 4 in Armour
  3152 | D:4      | Killed an orc warrior
  3153 | D:4      | Reached skill level 5 in Armour
  3153 | D:4      | Reached XP level 5. HP: 9/45 MP: 4/4
  3461 | D:4      | Reached XP level 6. HP: 48/51 MP: 5/5
  3467 | D:4      | Reached skill level 6 in Armour
  3541 | D:4      | Found a hide-covered altar of Uskayaw.
  3564 | D:4      | Reached skill level 7 in Armour
  3824 | D:4      | Reached skill level 8 in Armour
  3824 | D:4      | Reached XP level 7. HP: 57/57 MP: 6/6
  4103 | D:4      | Identified the +1 robe "Sotedeh" {Fly rC+ Stlth+}
  4421 | D:5      | Entered Level 5 of the Dungeon
  4632 | D:5      | Reached skill level 9 in Armour
  4827 | D:5      | HP: 2/57 [wyvern skeleton (12)]
  4828 | D:5      | Slain by a wyvern skeleton

Illustrated notes

Levels and vault maps discovered:
D:1:      lightli_arrival_statue_moat, layout_basic, serial_bayou_ford_a,
          lemuel_flame_loot_1
D:2:      layout_loops_cross, serial_shops, shop,
          dreamdust_ecumenical_altar_statues, basic_altar, minmay_between
D:3:      layout_rooms, trog_book, nicolae_qazlal_eye_of_the_storm,
          mainiacjoe_overflow_paths
D:4:      layout_gridville, nicolae_uskayaw_murder_on_the_dancefloor
D:5:      wander_river, layout_loops_ring, minmay_temple_entry_drinking_statues

Skill      XL: |  1  2  3  4  5  6  7 |
---------------+----------------------+-----
Long Blades    | 4 5 6 |  6.0
Armour         | 5 8 9 |  9.5
Fighting       | |  3.6
Dodging        | |  2.1

Action                   |  1- 3 |  4- 6 |  7- 9 || total
-------------------------+-------+-------+-------++-------
Melee: Falchion          |    95 |    61 |    49 ||   205
       Headbutt          |    14 |    14 |    11 ||    39
Invok: Trog's Hand       |       |     5 |     3 ||     8
       Berserk           |       |     4 |     2 ||     6
 Stab: Sleeping          |       |       |     3 ||     3
Armor: Animal skin       |    31 |     7 |     1 ||    39
       Robe              |       |       |    11 ||    11
Dodge: Dodged            |    69 |    47 |    31 ||   147
       Rpst.: Falchion   |    20 |    10 |     5 ||    35
